Map: Berlingrad LE

Players

DRG

  • Race: Zerg Zerg

Spirit (souL) - Winner!

  • Race: Terran Terran

Event: TSL 8

VOD

Have the link to the VOD?

Description

Time

  • Played on: Dec. 4, 2021, 8:44 a.m.
  • Length: 18:44

All games in this series

Show
View Real Time Build Order
Export as new Build Order

DRG Zerg 

Build Orders: Hatch First 

Get SALT Encoding   

  12  0:00  Drone  
  13  0:12  Overlord  
  13  0:16  Drone  
  14  0:30  Drone x2  
  16  0:47  Hatchery  
  15  0:50  Drone  
  15  0:54  Drone  
  17  0:57  Drone  
  18  1:09  Extractor  
  17  1:12  Spawning Pool  
  17  1:16  Drone  
  17  1:19  Drone  
  18  1:27  Drone  
  19  1:39  Drone  
  20  1:50  Drone  
  21  1:59  Queen x2  
  21  2:00  Zergling x4  
  27  2:10  Overlord  
  27  2:11  Drone  
  28  2:19  Hatchery  
  27  2:23  Drone  
  27  2:29  Drone  
  29  2:32  Drone  
  29  2:33  Drone  
  31  2:37  Queen  
  33  2:44  Metabolic Boost  
  33  2:47  Overlord  
  33  2:50  Drone  
  34  2:52  Drone  
  34  2:55  Drone  
  36  3:07  Drone x5  
  41  3:12  Queen  
  41  3:15  Drone  
  44  3:20  Overlord  
  44  3:30  Queen  
  44  3:31  Queen  
  44  3:33  Overlord  
  48  3:35  Drone x2  
  48  3:39  Drone x2  
  52  3:41  Drone  
  52  3:42  Drone  
  52  3:45  Drone x2  
  52  3:48  Drone x2  
  58  3:53  Queen  
  60  3:56  Drone  
  60  3:57  Drone  
  60  3:59  Drone  
  60  4:02  Overlord  
  63  4:05  Drone x2  
  63  4:06  Drone  
  66  4:11  Overlord  
  66  4:17  Overlord  
  66  4:19  Queen  
  66  4:20  Drone x4  
  66  4:22  Drone  
  73  4:24  Zergling x2  
  73  4:28  Baneling Nest  
  73  4:29  Drone  
  74  4:31  Drone  
  74  4:32  Drone x2  
  74  4:34  Lair  
  74  4:36  Extractor  
  74  4:37  Zergling x2, Extractor  
  76  4:43  Drone x4  
  76  4:44  Drone  
  80  4:48  Drone x3  
  80  4:49  Overlord  
  80  4:51  Drone  
  84  4:55  Overlord  
  84  4:57  Spore Crawler  
  84  4:58  Spore Crawler  
  84  4:59  Spore Crawler  
  81  5:01  Extractor  
  81  5:02  Queen  
  81  5:05  Drone x3  
  86  5:07  Zergling x6  
  86  5:08  Queen  
  86  5:12  Zergling x2  
  91  5:16  Extractor x2  
  91  5:19  Drone x2  
  91  5:22  Drone x2  
  91  5:25  Zergling x4  
  91  5:27  Overlord  
  96  5:28  Drone  
  96  5:29  Drone  
  96  5:33  Drone x2  
  96  5:34  Overlord  
  98  5:38  Drone x2  
  98  5:40  Spire  
  98  5:41  Hatchery  
  98  5:44  Overseer, Overlord  
  98  5:45  Zergling x2  
  98  5:46  Zergling x4  
  101  5:50  Overlord  
  101  5:55  Zergling x4  
  103  6:01  Zergling x2  
  103  6:03  Overlord  
  104  6:07  Zergling x12  
  110  6:13  Zergling x8  
  110  6:16  Overlord  
  114  6:19  Hatchery  
  114  6:23  Drone x2  
  111  6:34  Drone x6  
  111  6:38  Drone x2  
  116  6:42  Overlord  
  116  6:50  Drone x4  
  120  6:54  Mutalisk x5  
  120  6:55  Centrifugal Hooks  
  120  6:56  Zerg Flyer Weapons Level 1  
  120  7:00  Pneumatized Carapace  
  130  7:02  Extractor  
  130  7:03  Mutalisk x2  
  130  7:07  Mutalisk x3  
  139  7:10  Zergling x4  
  139  7:12  Baneling x5  
  141  7:17  Overlord x2  
  141  7:21  Evolution Chamber  
  141  7:22  Drone x2  
  142  7:23  Drone  
  142  7:24  Drone x2, Evolution Chamber  
  142  7:28  Mutalisk x2  
  148  7:35  Zergling x2  
  148  7:36  Zergling x10  
  154  7:39  Mutalisk  
  154  7:43  Zergling x4  
  156  7:44  Baneling x8  
  156  7:46  Queen  
  156  7:48  Baneling x4  
  159  7:51  Drone x4  
  159  7:57  Baneling x8  
  162  8:00  Overlord x2  
  162  8:03  Zergling x10  
  163  8:21  Zerg Ground Armor Level 1, Zergling x12, Zerg Melee Weapons Level 1  
  163  8:22  Zergling x6  
  163  8:28  Zergling x20  
  163  8:32  Baneling  
  163  8:33  Baneling x7  
  171  8:35  Zergling x2  
  171  8:38  Zergling x4  
  150  8:48  Mutalisk x4  
  150  8:50  Baneling x3  
  150  8:51  Baneling x2, Zergling x2  
  150  8:53  Baneling  
  150  8:54  Zergling x2  
  154  8:55  Queen  
  154  8:57  Extractor  
  154  8:59  Zergling x8  
  154  9:01  Baneling x7  
  159  9:04  Zergling x4  
  159  9:07  Hatchery  
  159  9:09  Zergling x2  
  151  9:10  Zergling x2  
  151  9:11  Baneling x3  
  151  9:12  Mutalisk  
  151  9:14  Zergling x2  
  151  9:15  Queen  
  152  9:19  Baneling x4  
  152  9:20  Zergling x4  
  151  9:29  Zergling x24  
  137  9:32  Baneling x2  
  137  9:40  Mutalisk x3  
  137  9:43  Zergling x2  
  137  9:44  Baneling x2  
  144  9:50  Queen  
  144  9:52  Mutalisk  
  145  9:54  Zergling x12  
  145  9:56  Baneling  
  145  9:57  Baneling x4, Zergling x2  
  145  9:58  Extractor  
  149  10:02  Zergling x4  
  149  10:03  Baneling x2  
  147  10:09  Mutalisk  
  147  10:12  Zergling x18  
  153  10:18  Drone x3, Queen  
  153  10:20  Zerg Flyer Weapons Level 2  
  158  10:25  Drone x2  
  160  10:28  Extractor  
  160  10:35  Zerg Ground Armor Level 2, Zerg Melee Weapons Level 2  
  159  10:36  Overlord x2  
  159  10:39  Drone x2  
  161  10:47  Baneling x7  
  153  10:52  Drone x5  
  153  10:53  Drone x4  
  162  11:00  Mutalisk x3  
  162  11:01  Zergling x2  
  162  11:02  Zergling x2  
  170  11:05  Overseer  
  170  11:06  Drone x3  
  170  11:08  Drone x2  
  175  11:14  Infestation Pit  
  170  11:27  Drone x4  
  170  11:30  Baneling x15  
  170  11:32  Zergling x4  
  176  11:35  Hatchery  
  176  11:36  Zergling x8  
  176  11:39  Zergling x6  
  171  11:54  Mutalisk x5  
  171  11:56  Zergling x10  
  171  11:57  Zergling x10  
  181  12:05  Drone x6, Spore Crawler  
  182  12:10  Hive  
  182  12:18  Drone x7  
  188  12:26  Baneling x7  
  185  12:30  Overlord x2  
  183  12:39  Zergling x20  
  193  12:44  Zergling x8  
  193  12:48  Drone x2  
  195  12:57  Zergling x18  
  195  13:07  Zergling x16  
  195  13:11  Drone x5  
  180  13:13  Zergling x4  
  180  13:18  Baneling x4  
  182  13:26  Baneling x17  
  182  13:28  Drone x3  
  185  13:40  Zerg Ground Armor Level 3  
  185  13:41  Zerg Melee Weapons Level 3  
  185  13:43  Burrow  
  185  13:52  Baneling  
  185  13:53  Overseer, Baneling x5  
  175  13:59  Zergling x24  
  180  14:06  Mutalisk x5  
  186  14:13  Mutalisk x3  
  186  14:15  Zergling x4  
  187  14:30  Hatchery, Zerg Flyer Weapons Level 3  
  186  14:37  Mutalisk x4  
  186  14:41  Baneling x5  
  186  14:53  Baneling x6  
  186  14:57  Hatchery  
  183  15:02  Zergling x24  
  183  15:04  Baneling x5  
  183  15:06  Zergling x2  
  186  15:13  Zergling x10  
  186  15:14  Zergling x4  
  169  15:17  Baneling x4  
  169  15:18  Baneling, Zergling x4  
  167  15:21  Zergling x2  
  167  15:22  Zergling x4  
  167  15:24  Zergling x4  
  167  15:28  Baneling x5  
  160  15:42  Zergling x18  
  142  15:52  Hatchery  
  142  15:53  Mutalisk x2  
  144  16:03  Baneling x13  
  144  16:06  Overseer  
  144  16:08  Overseer  
  144  16:09  Overseer  
  141  16:14  Baneling x6  
  141  16:16  Zergling x2  
  142  16:24  Zergling x2  
  142  16:25  Zergling x12  
  149  16:28  Baneling x2  
  149  16:29  Baneling x2  
  149  16:37  Zergling x12  
  155  16:46  Mutalisk x3  
  159  16:49  Zergling x2  
  159  16:50  Zergling x4  
  162  16:55  Baneling x9  
  114  17:17  Mutalisk x5  
  114  17:21  Spore Crawler  
  120  17:25  Mutalisk  
  120  17:27  Zergling x20  
  132  17:31  Drone x3  
  132  17:36  Baneling x5  
  131  17:38  Zergling x4  
  133  17:47  Zergling x6  
  133  17:49  Baneling x4  
  135  17:54  Zergling x10  
  139  17:59  Zergling x6  
  139  18:01  Baneling x3  
  139  18:02  Baneling  
  142  18:10  Zergling x2  
  142  18:11  Zergling x10  
  134  18:14  Baneling x3  
Show
View Real Time Build Order
Export as new Build Order

Spirit Terran - Winner!

Build Orders: Command Center First (CC), Hellion Banshee 

Get SALT Encoding   

  12  0:00  SCV  
  13  0:15  SCV  
  13  0:17  Supply Depot  
  14  0:27  SCV  
  15  0:40  SCV  
  16  0:52  SCV  
  17  0:59  Command Center  
  17  1:04  SCV  
  18  1:13  Barracks  
  18  1:16  SCV  
  19  1:21  Refinery  
  19  1:27  Refinery  
  19  1:30  SCV  
  20  1:42  SCV  
  21  1:54  SCV  
  21  2:00  Reaper  
  23  2:06  Orbital Command  
  23  2:11  Orbital Command  
  23  2:19  Factory  
  23  2:33  SCV, Barracks Reactor  
  24  2:37  SCV  
  25  2:45  SCV  
  25  2:49  SCV  
  27  2:52  Command Center  
  27  2:57  SCV  
  28  3:01  SCV  
  28  3:05  Starport  
  29  3:09  SCV  
  29  3:12  Supply Depot  
  30  3:13  SCV  
  30  3:15  Hellion  
  30  3:17  Hellion  
  35  3:21  SCV  
  35  3:23  Barracks Tech Lab  
  35  3:25  SCV  
  37  3:33  SCV  
  38  3:36  Hellion  
  38  3:38  Hellion, SCV  
  43  3:45  SCV  
  44  3:50  SCV  
  45  4:00  Cloaking Field  
  45  4:02  SCV  
  46  4:03  Banshee  
  46  4:04  Hellion x2, Orbital Command  
  46  4:05  Barracks Tech Lab  
  46  4:06  SCV  
  54  4:11  Supply Depot  
  54  4:14  Supply Depot, SCV  
  55  4:18  SCV  
  55  4:23  Stimpack  
  57  4:26  Supply Depot, SCV  
  57  4:27  Hellion  
  57  4:30  Hellion  
  61  4:33  SCV x2, Marine  
  61  4:38  SCV  
  65  4:41  Supply Depot  
  65  4:45  SCV  
  66  4:46  Banshee  
  66  4:47  Orbital Command  
  66  4:48  Refinery  
  66  4:50  SCV, Refinery  
  66  4:52  Supply Depot  
  70  4:56  Barracks  
  70  4:57  Factory Reactor  
  70  4:59  Barracks  
  70  5:03  SCV x2  
  70  5:05  Engineering Bay  
  70  5:06  Engineering Bay  
  72  5:12  Barracks  
  72  5:13  Barracks  
  73  5:14  SCV  
  73  5:15  SCV  
  73  5:19  SCV  
  75  5:21  Supply Depot  
  75  5:26  Supply Depot, SCV  
  75  5:27  SCV  
  75  5:28  Marine  
  78  5:35  Terran Infantry Weapons Level 1, Terran Infantry Armor Level 1  
  76  5:37  SCV  
  76  5:39  SCV  
  76  5:40  SCV  
  76  5:41  Bunker  
  79  5:43  Starport Reactor  
  79  5:49  SCV  
  80  5:50  Supply Depot  
  80  5:51  SCV  
  80  5:52  SCV, Siege Tank  
  80  5:53  Marine x3  
  88  6:01  Barracks Reactor x2  
  88  6:02  SCV  
  88  6:03  SCV  
  90  6:04  SCV  
  90  6:06  Combat Shield  
  90  6:10  Refinery  
  91  6:11  Marine x3  
  91  6:12  Supply Depot  
  91  6:13  Marine x2  
  91  6:14  SCV  
  91  6:15  Supply Depot  
  91  6:17  SCV  
  98  6:23  SCV  
  98  6:25  Medivac x2  
  103  6:26  SCV  
  103  6:29  Marine x3  
  103  6:31  SCV, Marine x2  
  110  6:33  Siege Tank  
  110  6:41  Marine x4  
  110  6:43  Supply Depot  
  110  6:45  Supply Depot  
  110  6:47  Marine x3  
  114  6:49  Marine x2  
  119  6:55  SCV, Medivac x2  
  119  6:57  Armory  
  119  6:59  Marine x4  
  128  7:04  Marine  
  128  7:05  Marine x2  
  128  7:06  Marine  
  128  7:07  Marine  
  133  7:09  Siege Tank  
  136  7:16  SCV x2  
  136  7:17  Supply Depot x2, SCV, Marine x4  
  136  7:18  Supply Depot  
  136  7:22  Marine x3  
  143  7:24  Marine x2  
  148  7:35  Marine x4  
  150  7:40  Marine x3  
  150  7:41  Siege Tank  
  150  7:42  Marine x2  
  158  7:46  Terran Infantry Weapons Level 2  
  158  7:50  Missile Turret  
  155  7:51  Missile Turret  
  155  7:53  Marine x4  
  155  7:58  Marine x3  
  159  8:00  Marine x2  
  164  8:10  Marine  
  164  8:11  Marine x3  
  162  8:13  Siege Tank  
  162  8:16  Marine x2  
  158  8:20  Marine  
  158  8:22  Command Center  
  158  8:27  Marine  
  158  8:29  Marine x2  
  158  8:32  Marine  
  158  8:33  Medivac x2  
  158  8:34  Marine  
  166  8:38  Supply Depot  
  166  8:39  Factory  
  167  8:43  Marine  
  167  8:44  Marine  
  167  8:45  Siege Tank  
  161  8:49  Marine  
  160  8:56  Marine  
  161  9:03  Medivac x2, Marine x3  
  161  9:04  Marine  
  161  9:06  Marine  
  161  9:09  Marine x3  
  159  9:13  Marine  
  151  9:17  Siege Tank  
  151  9:21  Terran Infantry Armor Level 2, Marine x4  
  151  9:23  Marine  
  159  9:27  Marine x2  
  159  9:29  Marine  
  137  9:31  Marine  
  137  9:33  Medivac  
  137  9:36  Factory Reactor  
  137  9:37  Drilling Claws  
  139  9:39  Marine x3  
  139  9:40  SCV x3  
  139  9:41  Medivac, Barracks x2  
  139  9:42  Marine  
  139  9:43  Barracks  
  148  9:47  Marine x3  
  148  9:49  Thor  
  148  9:50  Marine  
  148  9:52  SCV x2  
  156  9:53  Marine  
  156  9:57  Missile Turret, Marine x2  
  156  9:58  Marine  
  155  10:01  Planetary Fortress, Marine  
  155  10:05  Marine x3  
  157  10:08  Marine  
  157  10:12  Marine  
  148  10:14  Widow Mine x2  
  148  10:17  Terran Infantry Weapons Level 3  
  148  10:18  SCV  
  149  10:22  Missile Turret  
  149  10:25  Missile Turret  
  149  10:26  Sensor Tower  
  149  10:27  Missile Turret  
  149  10:28  SCV, Sensor Tower  
  149  10:29  SCV, Barracks Tech Lab  
  149  10:30  SCV  
  149  10:31  Barracks Tech Lab  
  149  10:32  Widow Mine  
  154  10:37  Widow Mine x2  
  158  10:44  Command Center  
  158  10:45  SCV  
  158  10:47  SCV, Medivac  
  158  10:48  Medivac  
  161  10:58  Marauder x2  
  161  11:01  Missile Turret  
  161  11:02  Missile Turret  
  165  11:11  Widow Mine x2  
  165  11:13  Marine  
  165  11:18  Barracks Tech Lab  
  170  11:19  Marauder x2, Widow Mine  
  175  11:27  Medivac x2  
  175  11:31  Marine x4  
  169  11:33  Widow Mine x2, Refinery x2  
  169  11:36  Barracks Tech Lab  
  169  11:39  Sensor Tower, Command Center  
  173  11:40  Marauder, Missile Turret, Widow Mine  
  173  11:41  Marauder, Missile Turret  
  173  11:42  Missile Turret  
  179  11:51  Marauder  
  179  11:53  Marine x3  
  179  11:54  Widow Mine x2, SCV x3  
  162  12:02  Marauder x2  
  162  12:06  SCV x3  
  169  12:12  Widow Mine  
  169  12:16  Widow Mine x2  
  169  12:18  SCV x3  
  169  12:19  Marauder x2, Marine  
  173  12:25  Missile Turret  
  173  12:26  Sensor Tower  
  173  12:30  SCV x3  
  173  12:32  Marauder  
  173  12:33  Widow Mine  
  173  12:34  Marauder  
  178  12:37  Widow Mine x2  
  178  12:41  Marauder  
  178  12:42  SCV  
  178  12:43  Marauder  
  183  12:47  Bunker  
  183  12:53  Marauder  
  183  12:54  Thor  
  186  12:58  Widow Mine x2  
  186  13:03  Marauder  
  158  13:19  Planetary Fortress  
  158  13:21  Missile Turret  
  158  13:23  Missile Turret  
  158  13:24  Supply Depot x2  
  158  13:25  Supply Depot, Sensor Tower  
  148  13:28  Missile Turret  
  148  13:29  Missile Turret x2  
  148  13:32  Marauder x3, Widow Mine x2, SCV x2, Marine x2  
  162  13:41  Marine  
  162  13:45  SCV, Marine x3  
  162  13:46  Marauder, Widow Mine, SCV, Marine x2  
  174  13:50  Marine x2  
  174  13:53  Marine x3  
  174  13:54  Widow Mine  
  181  13:58  SCV x2  
  181  13:59  Marine  
  176  14:03  Marine x5  
  176  14:07  Marine x3  
  179  14:10  SCV x2  
  179  14:12  Marine  
  174  14:23  Supply Depot  
  174  14:24  Supply Depot, Starport Reactor  
  173  14:31  Missile Turret  
  173  14:33  Barracks Tech Lab  
  173  14:34  SCV  
  173  14:36  Widow Mine  
  172  14:44  Command Center, Marine  
  172  14:45  Widow Mine, SCV  
  176  14:46  SCV  
  176  14:52  Marauder  
  179  14:55  Ghost Academy  
  179  14:57  SCV  
  179  14:58  SCV  
  181  15:02  Medivac  
  179  15:09  SCV  
  179  15:10  SCV  
  179  15:13  Medivac  
  154  15:19  Widow Mine x2, Marine x2  
  154  15:20  Marine  
  161  15:21  Marine  
  161  15:25  Marine  
  161  15:27  Ghost x3  
  167  15:29  Ghost  
  167  15:31  Concussive Shells  
  167  15:32  Widow Mine  
  163  15:39  Marine x5  
  163  15:40  Widow Mine  
  163  15:41  Widow Mine  
  163  15:42  Marine x2  
  140  15:43  Medivac  
  140  15:47  Medivac, Marine  
  139  15:54  Widow Mine  
  139  15:55  Ghost  
  139  15:56  Marine, Ghost  
  139  15:57  Marine x5  
  131  15:58  Marine  
  131  15:59  Orbital Command  
  131  16:00  Marine x2  
  131  16:02  Widow Mine  
  141  16:05  Marine  
  141  16:08  Widow Mine  
  144  16:13  Medivac  
  144  16:14  Marine x5  
  144  16:15  Marine, Thor  
  144  16:16  Marine  
  144  16:17  Marine  
  144  16:18  Marine  
  161  16:25  Marauder  
  161  16:28  Widow Mine  
  161  16:29  Sensor Tower  
  161  16:31  Command Center  
  161  16:32  Refinery  
  163  16:38  Marine  
  163  16:39  Marauder x2  
  168  16:42  Ghost  
  168  16:45  Missile Turret  
  165  16:55  Widow Mine x2  
  165  16:56  Marauder  
  165  16:57  Thor  
  165  17:00  Marauder x2  
  181  17:06  Marine  
  181  17:08  Marine  
  159  17:10  Marine x5  
  159  17:11  Marauder  
  159  17:13  Marine  
  139  17:18  Marauder  
  139  17:19  Medivac x2  
  139  17:21  Marine x2  
  139  17:24  Marine  
  139  17:26  Widow Mine x2, Marine  
  139  17:28  Marine x5  
  149  17:31  Marine  
  149  17:32  Marine  
  151  17:38  Marine  
  151  17:39  SCV, Refinery x2, Marine x2  
  151  17:40  SCV  
  151  17:41  Widow Mine  
  151  17:42  Refinery, Marine  
  151  17:43  Marine  
  158  17:44  Sensor Tower  
  158  17:45  Missile Turret  
  158  17:46  Marine x3, Orbital Command  
  158  17:47  Widow Mine x2  
  158  17:49  Medivac, Marine  
  158  17:50  Marauder  
  158  17:51  SCV  
  167  17:52  SCV  
  166  18:01  Marauder, Marine  
  166  18:02  Widow Mine  
  166  18:03  SCV  
  166  18:04  Marine  
  166  18:05  Marauder, SCV, Marine  
  177  18:09  Widow Mine x2, Marine  
  169  18:14  Marauder, Marine  
  169  18:16  Marine  
  163  18:21  Marine  
  163  18:24  Marine  
Tags
 
Add a new tag
Caveats
  • Supply blocks, unpowered buildings, or Contaminate may cause inaccurate times.
  • Supply counts are checked every 10 seconds.